cohdb
Replays
Latest Replays
All Replays
Popular Replays
Top Player Replays
Match Explorer
How It Works
Community
CoH3 Stats
Reddit
Sign in to upload your games and track your stats! →
Sign in with Steam
Match 46493929
Unlisted
Match 46493929
Overview
Messages
Build Orders
End
Construct Section Command Post
Selects Canadian Shock Battlegroup
Vickers Machine Gun Team
Infantry Section
ML 3-inch Mortar Team
Infantry Section
Selects Offensive Resupply
Selects Attacking Spirit
Selects Canadian Shock Section
Canadian Shock Section
Construct Platoon Command Post
Construct Field Infirmary
Canadian Shock Section
Selects Incendiary Munitions
Canadian Shock Section
Selects Pyrotechnics
Unlock Bishop Self-propelled Artillery
Gerald Bowmans
NoName
HeadTACO
jhclover
mi prima de Cifuentes
Shaft9987
Clion3x
Ciaran
0
0
Comments
sign in to comment!
No comments posted yet!